[Event "*** SCC Grand Prix: Titled Tuesday Blitz"]
[Site "Chess.com"]
[Date "2020.09.29"]
[Round "10"]
[White "Gerodot71"]
[Black "Srisshhhtea"]
[Result "1-0"]
[WhiteElo "2462"]
[BlackElo "2304"]
[TimeControl "180+1"]
[EndTime "11:56:30 PDT"]
[Termination "Gerodot71 won by checkmate"]

1. d4 Nf6 2. c4 g6 3. Nc3 Bg7 4. e4 d6 5. Be2 O-O 6. Be3 Na6 7.
Qd2 e5 8. d5 Nc5 9. f3 a5 10.
h4 c6 11. g4 a4 12. h5 cxd5 13. cxd5 Bd7 14. Nh3 Rb8 15. Nb5 Nfxe4 16. fxe4 Nxe4 17.
Qb4 Ng3 18. Rg1 Qh4 19. Bf2 Qxh3 20. Rxg3 Qh1+ 21. Rg1 Qxd5 22. Qxd6 Qxd6 23. Nxd6 Bc6 24. Bb6 e4 25. O-O-O Ra8 26. Kb1 a3 27. b3 Be5 28.
Rgf1 Kg7 29. Bc4 f6 30. Rfe1 f5 31. hxg6 hxg6 32. Rg1 f4 33. Bd4 Bxd4 34. Rxd4 e3 35. Re1 Rad8 36. Kc2 Bg2 37. Kc3 Rf6 38. Nb5 Rxd4 39. Nxd4 Bh3 40. g5 Rd6 41. Nf3 Bg2 42.
Ne5 Rd8 43. Nd3 f3 44. Rxe3 Rf8 45. Re7+ Kh8 46. Nf2 Rf5 47. Ne4 f2 48. Nf6 f1=Q 49.
Rh7# 1-0

[Event "*** SCC Grand Prix: Titled Tuesday Blitz"]
[Site "Chess.com"]
[Date "2020.09.29"]
[Round "10"]
[White "chessmaGIA"]
[Black "Khnykin_Nikolay"]
[Result "1-0"]
[WhiteElo "1685"]
[BlackElo "2068"]
[TimeControl "180+1"]
[EndTime "11:56:30 PDT"]
[Termination "chessmaGIA won on time"]

1. d4 e6 2. c4 f5 3. Nc3 d5 4. cxd5 exd5 5. Nf3 Nf6 6. Bf4 Bb4 7. e3 Ne4 8. Qa4+ Nc6 9. Rc1 Bd7 10. Bb5 Bxc3+ 11. bxc3 a6 12. Bxc6 Bxc6 13. Qb3 g5 14. Be5 Rg8 15.
c4 g4 16. Nd2 Qd7 17. Nxe4 fxe4 18. cxd5 Bxd5 19. Qb4 Bc6 20. O-O O-O-O 21. Rfd1 Qd5 22.
Rc5 Qe6 23. d5 Qxe5 24. Rdc1 Qd6 25. dxc6 b6 26. R5c4 Qxb4 27. Rxb4 Rd6 28. Rxe4 Rgd8 29. g3 h5 30. Re5 Rd5 31. Re7 b5 32. Kf1 Kb8 33.
e4 Rd1+ 34. Rxd1 Rxd1+ 35. Ke2 Rh1 36. e5 Ra1 37. e6 Rxa2+ 38. Ke3 Ra3+ 39. Kf4 Rf3+ 40.
Kg5 Rxf2 41. Re8+ Ka7 42. e7 Re2 43. Kf6 b4 44. Rc8 Rf2+ 45. Ke6 Re2+ 46. Kd7 b3 47.
Rxc7+ Ka8 48. Rb7 Rd2+ 49. Kc8 b2 50. e8=Q 1-0

[Event "*** SCC Grand Prix: Titled Tuesday Blitz"]
[Site "Chess.com"]
[Date "2020.09.29"]
[Round "10"]
[White "UCantHandleDenker"]
[Black "Snegokhod"]
[Result "1-0"]
[WhiteElo "2564"]
[BlackElo "2413"]
[TimeControl "180+1"]
[EndTime "11:56:31 PDT"]
[Termination "UCantHandleDenker won by checkmate"]

1. Nf3 Nf6 2. g3 g6 3. Bg2 Bg7 4. O-O O-O 5. d3 d5 6. Nbd2 c5 7. e4 Nc6 8. Re1 e5 9. exd5 Nxd5 10. a3 Re8 11. Rb1 b6 12. Ne4 h6 13. c4 Nde7 14.
b4 f5 15. Ned2 Qxd3 16. b5 e4 17. bxc6 Nxc6 18. Re3 Qd7 19. Qe2 Bb7 20. Ne1 Nd4 21. Qf1 Re7 22. a4 Qxa4 23. Ra3 Qe8 24. Nb3 Bc6 25. Be3 Qf7 26. Nd2 g5 27. f4 g4 28.
Kh1 h5 29. Qf2 Bf6 30. Nf1 Kg7 31. Kg1 Rh8 32. Ra2 Rd7 33. Rd2 h4 34. gxh4 Bxh4 35. Ng3 Bf6 36. Rbd1 Kg6 37. Nf1 Rhd8 38. Ng3 Qxc4 39.
h3 Nf3+ 40. Bxf3 exf3 41. hxg4 fxg4 42. f5+ Kf7 43. Rxd7+ Rxd7 44. Rxd7+ Bxd7 45. Qh2 Ke7 46. Qh7+ Qf7 47. Qh2 b5 48. Ne4 c4 49. Qd6+ Ke8 50.
Nxf6+ Kd8 51. Bg5 Kc8 52. Nd5 Bxf5 53. Ne7+ Kb7 54. Qc6+ Kb8 55. Bf4# 1-0

[Event "*** SCC Grand Prix: Titled Tuesday Blitz"]
[Site "Chess.com"]
[Date "2020.09.29"]
[Round "10"]
[White "Morshynska"]
[Black "RasSanti"]
[Result "1-0"]
[WhiteElo "2202"]
[BlackElo "2290"]
[TimeControl "180+1"]
[EndTime "11:56:31 PDT"]
[Termination "Morshynska won by resignation"]

1. Nf3 c5 2. g3 Nc6 3. d4 cxd4 4. Nxd4 Qb6 5. Nb3 Nf6 6. Bg2 g6 7. O-O Bg7 8. e4 a6 9. Be3 Qc7 10. Nc3 O-O 11. Nd5 Nxd5 12. exd5 Na5 13. Nxa5 Qxa5 14. Bd4 d6 15. Bxg7 Kxg7 16. Qd4+ Kg8 17. Rfe1 Qc7 18. h4 h5 19. a4 b6 20. Ra3 Ra7 21. Rc3 Qb8 22.
Rce3 Re8 23. Qf4 Bf5 24. c4 a5 25. Bf3 Kg7 26. Bxh5 Qc8 27. Bd1 Rc7 28. b3 Qd8 29.
g4 Bc8 30. h5 Rh8 31. Rh3 e5 32. dxe6 Bxe6 33. Qd4+ Qf6 34. h6+ Rxh6 35. Qxf6+ Kxf6 36. Rxh6 d5 37. cxd5 Bxd5 38. Rh8 Rc3 39. Rb8 Bxb3 40.
Bxb3 Rxb3 41. Re4 Kg5 42. Kg2 Rb2 43. Rd4 f6 44. Kg3 Rb3+ 45. f3 f5 46. gxf5 Kxf5 47. Rg8 Ke5 48. Re4+ Kf5 49. Rf8+ Kg5 50. Rg4+ Kh6 51.
Rh8+ Kg7 52. Rc8 b5 53. axb5 Rxb5 54. Rc7+ Kf6 55. Rc6+ Kf7 56. Rgxg6 a4 57. Ra6 Rb4 58.
Rgb6 Rxb6 59. Rxb6 1-0

[Event "*** SCC Grand Prix: Titled Tuesday Blitz"]
[Site "Chess.com"]
[Date "2020.09.29"]
[Round "10"]
[White "Bigfish1995"]
[Black "vladislavkovalev"]
[Result "1-0"]
[WhiteElo "3110"]
[BlackElo "2857"]
[TimeControl "180+1"]
[EndTime "11:56:32 PDT"]
[Termination "Bigfish1995 won on time"]

1. e4 e5 2. Nf3 Nc6 3. Bb5 a6 4. Ba4 Nf6 5. O-O Be7 6. Re1 b5 7. Bb3 d6 8. c3 O-O 9. h3 Bb7 10. d4 Nd7 11. Be3 exd4 12. cxd4 Na5 13. d5 Nxb3 14. axb3 c5 15. dxc6 Bxc6 16. Nc3 Bb7 17. Nd4 g6 18. Nd5 Re8 19. Rc1 Nc5 20. b4 Bxd5 21.
exd5 Ne4 22. Nc6 Qd7 23. Bd4 Bg5 24. Rc2 Nf6 25. Rxe8+ Rxe8 26. Qf3 Qf5 27. Qxf5 Re1+ 28. Kh2 gxf5 29. Bc3 Re8 30. Nd4 Nxd5 31. Nxf5 Rc8 32. g3 Nxc3 33. bxc3 Bf6 34. Ra2 Rc6 35. Ne3 Bd8 36. Nd5 Kf8 37. Kg2 Ke8 38. Kf3 Kd7 39.
Ke4 Ke6 40. Nf4+ Kd7 41. Kd3 Bb6 42. Nd5 Bd8 43. f4 Ke6 44. Ne3 h5 45. g4 hxg4 46.
hxg4 Bf6 47. Ra3 Bd8 48. Nf5 Bf6 49. Ne3 Bd8 50. g5 Be7 51. f5+ Ke5 52. f6 Bd8 53. Ra2 Kf4 54. Rg2 1-0

[Event "*** SCC Grand Prix: Titled Tuesday Blitz"]
[Site "Chess.com"]
[Date "2020.09.29"]
[Round "10"]
[White "AsaHoffmann"]
[Black "crazy_but_lazy"]
[Result "0-1"]
[WhiteElo "2407"]
[BlackElo "2548"]
[TimeControl "180+1"]
[EndTime "11:56:32 PDT"]
[Termination "crazy_but_lazy won on time"]

1. d4 d5 2. Bg5 c5 3. dxc5 Nc6 4.
c3 h6 5. Bh4 g5 6. Bg3 e5 7. e4 d4 8. Bb5 f6 9. Qh5+ Ke7 10. Bc4 Be6 11. Bxe6 Kxe6 12. h4 Bxc5 13. Nf3 Nge7 14. hxg5 hxg5 15. Qxh8 Qxh8 16. Rxh8 Rxh8 17.
Nh2 Ng6 18. Nd2 dxc3 19. bxc3 Nf4 20. Bxf4 exf4 21. Nhf1 Ne5 22. Ke2 g4 23. a4 a5 24.
Rb1 b6 25. Nb3 f3+ 26. gxf3 gxf3+ 27. Ke1 Nd3+ 28. Kd2 Nxf2 29. Nxc5+ bxc5 30. Ke3 Ng4+ 31. Kxf3 Ne5+ 32. Ke2 Rh3 33. Rb6+ Kf7 34. Ra6 Rxc3 35. Rxa5 c4 36. Ra7+ Ke6 37. Ne3 Ra3 38. Ra6+ Kd7 39. Rxf6 Rxa4 40. Rf5 Ra2+ 41. Kd1 Ke6 42. Rh5 c3 43. Rh6+ Kd7 44. Rh5 Kd6 45. Rh6+ Kc5 46. Re6 Rd2+ 47. Ke1 Nd3+ 48. Kf1 Rf2+ 49. Kg1 Re2 50.
Nf5 c2 51. Rc6+ Kb5 0-1

[Event "*** SCC Grand Prix: Titled Tuesday Blitz"]
[Site "Chess.com"]
[Date "2020.09.29"]
[Round "10"]
[White "mishanick"]
[Black "Fandorine"]
[Result "0-1"]
[WhiteElo "2994"]
[BlackElo "2947"]
[TimeControl "180+1"]
[EndTime "11:56:35 PDT"]
[Termination "Fandorine won by checkmate"]

1. d4 Nf6 2. c4 g6 3. Nc3 Bg7 4.
e4 d6 5. Be2 O-O 6. Be3 Nc6 7.
d5 Ne5 8. f4 Ned7 9. Nh3 c6 10.
Nf2 a6 11. O-O Re8 12. Qd2 Qc7 13. Rac1 c5 14. Rce1 b5 15. cxb5 axb5 16. Bxb5 Ba6 17. a4 Reb8 18. Nd3 Ng4 19. Kh1 Nxe3 20. Rxe3 Bxb5 21. axb5 Nb6 22. Qe2 Nc4 23. Ref3 Qa5 24. e5 Qc7 25. f5 Nxe5 26. Nxe5 Bxe5 27. fxg6 fxg6 28. Ne4 Qb7 29. Rf7 Qxd5 30. Rxe7 Rf8 31. Rd1 Qb3 32. h3 Ra2 33. Nxd6 Qxb2 34. Qxb2 Bxb2 35.
Re2 Ra1 36. Rxa1 Bxa1 37. b6 Rb8 38. b7 Kf8 39. g4 Bf6 40. Rc2 Be7 41. Ne4 Rxb7 42.
Nxc5 Bxc5 43. Rxc5 Kg7 44. Kg2 Ra7 45. Kg3 Rb7 46.
Kh4 h6 47. Rd5 Ra7 48. Rb5 Ra3 49. Rc5 g5+ 50. Kh5 Rxh3# 0-1

[Event "*** SCC Grand Prix: Titled Tuesday Blitz"]
[Site "Chess.com"]
[Date "2020.09.29"]
[Round "10"]
[White "mr_gustavo"]
[Black "CheckThis4"]
[Result "1-0"]
[WhiteElo "2407"]
[BlackElo "2605"]
[TimeControl "180+1"]
[EndTime "11:56:36 PDT"]
[Termination "mr_gustavo won on time"]

1. e4 Nc6 2. Nf3 e5 3. Bb5 a6 4.
Ba4 Nf6 5. O-O b5 6. Bb3 Be7 7. d4 exd4 8. e5 Ng4 9. Re1 Bb7 10. h3 Nh6 11. Bxh6 gxh6 12. c3 d3 13. Qxd3 Bc5 14.
Nbd2 Qe7 15. Ne4 O-O-O 16. Nxc5 Qxc5 17. Bxf7 Rhf8 18. e6 dxe6 19. Bxe6+ Kb8 20. Qxh7 Rxf3 21. gxf3 Ne5 22. Bg4 Rd2 23. Re3 Nc4 24. Qh8+ Ka7 25. Qxh6 Rxb2 26. Rd1 Rxa2 27. Rd7 Rc2 28. h4 Nxe3 29.
Qxe3 Qxe3 30. fxe3 Rxc3 31. h5 Rxe3 32. h6 Re1+ 33. Kf2 Rh1 34. h7 Kb6 35. Bf5 b4 36. Rd8 Rh2+ 37. Kg3 Rxh7 38. Bxh7 a5 39. f4 a4 40. Rd1 b3 41. Bg8 Kb5 42. f5 Be4 43. f6 Bg6 44. Kg4 b2 45. Kg5 Be8 46. Ba2 a3 47. Re1 Bf7 48. Bxf7 c5 49. Ba2 c4 50. f7 c3 51. f8=Q c2 52. Qxa3 c1=Q+ 53. Rxc1 b1=Q 54. Rxb1+ 1-0

[Event "*** SCC Grand Prix: Titled Tuesday Blitz"]
[Site "Chess.com"]
[Date "2020.09.29"]
[Round "10"]
[White "venus02"]
[Black "chessfrendz"]
[Result "0-1"]
[WhiteElo "2480"]
[BlackElo "2381"]
[TimeControl "180+1"]
[EndTime "11:56:39 PDT"]
[Termination "chessfrendz won on time"]

1. e4 c5 2. Nf3 d6 3. Bb5+ Bd7 4. Bxd7+ Qxd7 5. c4 Nc6 6. d4 cxd4 7. Nxd4 Rc8 8. b3 Nf6 9. Nc3 Qg4 10. Qxg4 Nxg4 11.
Nde2 e6 12. f3 Nge5 13. Be3 Nd3+ 14. Kd2 Nc5 15. Rhd1 a6 16. Ke1 Nb4 17. Rab1 Nc2+ 18. Kf2 Nxe3 19. Kxe3 Be7 20. Kf2 g5 21. Nc1 Rg8 22.
Nd3 Nxd3+ 23. Rxd3 h5 24. Rbd1 Bf6 25. Ne2 Be5 26. a4 h4 27. g3 hxg3+ 28. hxg3 Rh8 29. f4 gxf4 30. gxf4 Rh2+ 31. Kf3 Rh3+ 32. Ng3 Bf6 33. Rh1 Rxh1 34. Nxh1 Ke7 35. Ng3 Bb2 36. Ne2 Ba3 37.
e5 dxe5 38. fxe5 Bb2 39. Ke4 Rh8 40. Rd6 Rh4+ 41. Kd3 Rh3+ 42. Kc2 Bxe5 43. Rb6 f5 44. Rxb7+ Kf6 45. b4 Rh2 46. Kd3 Rh3+ 47. Kd2 f4 48.
Ke1 f3 49. Ng1 Rh1 50. Kf2 Bd4+ 51. Kxf3 Rxg1 52. b5 Ra1 53. Rd7 Ke5 54. bxa6 Rxa4 55.
Rc7 Rxa6 56. Ke2 Ra3 57. Kd2 Rc3 58. Rc6 Ra3 59. Rc8 Ke4 60. c5 Rc3 61. c6 e5 0-1

[Event "*** SCC Grand Prix: Titled Tuesday Blitz"]
[Site "Chess.com"]
[Date "2020.09.29"]
[Round "10"]
[White "Manukyan_Artak"]
[Black "MarceloPlaya"]
[Result "1/2-1/2"]
[WhiteElo "2364"]
[BlackElo "2284"]
[TimeControl "180+1"]
[EndTime "11:56:39 PDT"]
[Termination "Game drawn - timeout vs insufficient material"]

1. e4 e6 2. d4 d5 3. e5 c5 4. c3 Nc6 5. Nf3 Qb6 6. a3 c4 7. Nbd2 f6 8. exf6 Nxf6 9. Be2 Bd6 10. O-O O-O 11. Re1 Bd7 12. b3 cxb3 13. Qxb3 Qc7 14. Nf1 Ne4 15. c4 Na5 16. Qe3 Nxc4 17. Bxc4 Qxc4 18.
N1d2 Qc3 19. Nxe4 Qxe3 20. Rxe3 dxe4 21. Rxe4 Rac8 22. Bd2 Rc4 23. Re3 Rfc8 24. Ne5 Rxd4 25. Bb4 Bxb4 26. axb4 Bb5 27. h4 a6 28. Nf3 Rxb4 29.
Rxe6 Bc6 30. Ng5 Rxh4 31. Re7 h6 32. Ne6 Rg4 33. f3 Rg6 34. Re1 Re8 35. Rxe8+ Bxe8 36. Nf4 b5 37. Rxe8+ Kf7 38. Nxg6 Kxe8 39. Ne5 Ke7 40. Kf2 Kd6 41. Nd3 Kd5 42. Ke3 a5 43.
Kd2 Kc4 44. Kc2 b4 45. Ne5+ Kd4 46. Nc6+ Ke3 47. Nxa5 Kf2 48. f4 Kxg2 49. Nc6 Kf3 50. Nxb4 Kxf4 51. Kd3 Kf3 52. Nc2 h5 53. Nd4+ Kf2 54.
Nf5 1/2-1/2

[Event "*** SCC Grand Prix: Titled Tuesday Blitz"]
[Site "Chess.com"]
[Date "2020.09.29"]
[Round "10"]
[White "Oligan22"]
[Black "sokidze"]
[Result "0-1"]
[WhiteElo "2419"]
[BlackElo "2608"]
[TimeControl "180+1"]
[EndTime "11:56:41 PDT"]
[Termination "sokidze won by checkmate"]

1. e4 c6 2. d4 d5 3. e5 Bf5 4. h4 h5 5. Bg5 Qb6 6. Bd3 Bxd3 7. Qxd3 e6 8. Nd2 Nd7 9. Ngf3 Nh6 10. O-O Nf5 11. c4 Be7 12. Bxe7 Kxe7 13. Qa3+ Ke8 14. cxd5 exd5 15. Nb3 Nf8 16. Rfd1 Ne6 17. Rac1 Rd8 18. g3 a6 19. Kg2 Qc7 20. Nc5 Qe7 21. Qd3 Nxc5 22.
Rxc5 g6 23. Ng5 Ng7 24. Rcc1 Ne6 25. Nf3 Kf8 26. Qe3 Kg7 27. Nd2 Rc8 28. a3 a5 29.
Qc3 b6 30. f4 c5 31. dxc5 bxc5 32. Qxa5 Qb7 33. Kh2 Qxb2 34. Qc3 Qb7 35. Nf3 d4 36. Qd3 c4 37. Qe2 d3 38. Qe3 Rhd8 39. Ng5 Nxg5 40.
fxg5 Qb2+ 41. Kh3 d2 42. Rc3 Qb7 43. Qf4 Qd7+ 44. Kh2 Qd4 45. Qf6+ Kg8 46. Rf3 Rc7 47. Kg2 Re8 48. e6 Qxf6 49. Rxf6 c3 50. exf7+ Rxf7 51. Rxg6+ Kf8 52. Rc6 Re2+ 53. Kh3 Rff2 54.
g4 Rf3# 0-1

[Event "*** SCC Grand Prix: Titled Tuesday Blitz"]
[Site "Chess.com"]
[Date "2020.09.29"]
[Round "10"]
[White "Loy_Konstantin"]
[Black "AlexSuv"]
[Result "1-0"]
[WhiteElo "2402"]
[BlackElo "2494"]
[TimeControl "180+1"]
[EndTime "11:56:43 PDT"]
[Termination "Loy_Konstantin won by resignation"]

1. e4 c5 2. Nf3 e6 3. d3 d5 4. Nbd2 Nc6 5. g3 g6 6. Bg2 Bg7 7. O-O Nge7 8. Re1 O-O 9. h4 d4 10. e5 b6 11. a4 Bb7 12. Nc4 Nc8 13. Bg5 Qc7 14. Qd2 N6e7 15. Bh6 a6 16. Bxg7 Kxg7 17.
Qf4 Nd5 18. Qd2 b5 19. axb5 axb5 20. Na5 Nce7 21. Nxb7 Qxb7 22. Nh2 h5 23. g4 Rh8 24. Qg5 Qd7 25. Rxa8 Rxa8 26. gxh5 Rh8 27. hxg6 Nxg6 28. h5 Qe7 29. Qg4 Qh4 30. hxg6 Qxh2+ 31. Kf1 fxg6 32.
Bxd5 exd5 33. e6 Rf8 34. Qg2 Qd6 35. e7 Re8 36. Qg5 Qf6 37. Qxd5 Rxe7 38. Qxc5 Rf7 39. Qe5 g5 40. Re4 Rd7 41. Qxf6+ Kxf6 42. Ke2 Rc7 43. Kd2 Rd7 44. Re8 Kf5 45. Rf8+ Kg4 46. c3 Kh3 47. Rf5 g4 48. Rxb5 Rf7 49. Ke2 Kg2 50. Rg5 Rxf2+ 51. Kd1 g3 52. cxd4 Rxb2 53. d5 Kf2 54. d6 g2 55. d7 Rb8 56. Rf5+ Kg3 57. Rg5+ Kf3 58. Rg7 Rd8 59. Kd2 Rxd7 60. Rxd7 g1=Q 61. Rf7+ 1-0

[Event "*** SCC Grand Prix: Titled Tuesday Blitz"]
[Site "Chess.com"]
[Date "2020.09.29"]
[Round "10"]
[White "sorrm8thatscheckm8"]
[Black "GMJustin"]
[Result "1-0"]
[WhiteElo "2459"]
[BlackElo "2261"]
[TimeControl "180+1"]
[EndTime "11:56:45 PDT"]
[Termination "sorrm8thatscheckm8 won on time"]

1. d4 Nf6 2. c4 e6 3. Nf3 d5 4. Nc3 c5 5. cxd5 Nxd5 6. Nxd5 Qxd5 7. g3 Nc6 8. Bg2 cxd4 9. O-O Bc5 10. b4 Nxb4 11.
Ng5 Qd7 12. a3 Nc6 13. Qd3 h6 14. Ne4 Be7 15. Bb2 O-O 16. Rfd1 e5 17. Rac1 Qf5 18.
Rc2 Be6 19. Rdc1 Rac8 20. h3 Qg6 21. Qb5 Bf5 22. Qd3 h5 23. h4 Rfd8 24. e3 dxe3 25. Qxe3 Nd4 26. Rc7 Rxc7 27. Rxc7 Rd7 28. Rxd7 Bxd7 29.
Bxd4 exd4 30. Qxd4 Bc6 31. a4 a6 32. Qe5 Qe6 33. Qd4 Qd7 34. Qe5 Bxa4 35. Qxh5 Bc6 36.
Ng5 Bxg5 37. Bxc6 Qxc6 38. Qxg5 b6 39. Qd8+ Kh7 40. Qd3+ g6 41. Qxa6 Qc5 42. Qa7 Kg7 43. Qa1+ f6 44. Qa7+ Kg8 45. Qb8+ Kf7 46. Qb7+ Kg8 47.
Qb8+ Kf7 48. Qb7+ Kf8 49. Qa8+ Kf7 50. Qa2+ 1-0

[Event "*** SCC Grand Prix: Titled Tuesday Blitz"]
[Site "Chess.com"]
[Date "2020.09.29"]
[Round "10"]
[White "biostatistician"]
[Black "chessmachine14"]
[Result "1-0"]
[WhiteElo "2561"]
[BlackElo "2275"]
[TimeControl "180+1"]
[EndTime "11:56:46 PDT"]
[Termination "biostatistician won by checkmate"]

1. d4 Nf6 2. Nf3 g6 3. c4 Bg7 4. e4 d6 5. Nc3 O-O 6. Be2 Nc6 7. d5 Nb8 8. O-O c6 9. Be3 Ng4 10. Bd4 Ne5 11. Nxe5 dxe5 12. Be3 f5 13. f3 f4 14.
Bf2 g5 15. Rc1 Qe8 16. b4 Qg6 17. c5 h5 18. Kh1 g4 19. Bh4 Bf6 20. Qe1 Nd7 21.
Rd1 Bg5 22. d6 Qf6 23. Bxg5 Qxg5 24. dxe7 Re8 25. Rd6 Rxe7 26. g3 Nf8 27. Qd2 Rf7 28.
Bc4 gxf3 29. gxf4 exf4 30. Rg1 Bg4 31. e5 Qh4 32. Ne4 Kh8 33. Bxf7 f2 34. Qxf2 Qxf2 35. Nxf2 Bf3+ 36. Rg2 h4 37. Rh6+ Nh7 38. Bg6 Bxg2+ 39.
Kxg2 Kg7 40. Rxh7+ Kxg6 41. Rxb7 Re8 42. Nd3 Kf5 43. Kf3 h3 44. Nxf4 Rxe5 45. Rf7+ Kg5 46. Nxh3+ Kg6 47. Rc7 Rd5 48. Nf4+ Kf5 49. Nxd5 cxd5 50.
Rxa7 d4 51. Rd7 d3 52. Rxd3 Ke5 53. h4 Ke6 54. c6 Kf5 55. c7 Ke5 56. c8=Q Kf6 57.
Rd6+ Ke5 58. Qc5# 1-0

[Event "*** SCC Grand Prix: Titled Tuesday Blitz"]
[Site "Chess.com"]
[Date "2020.09.29"]
[Round "10"]
[White "BillieKimbah"]
[Black "BocharovD"]
[Result "1-0"]
[WhiteElo "2935"]
[BlackElo "2802"]
[TimeControl "180+1"]
[EndTime "11:56:47 PDT"]
[Termination "BillieKimbah won by resignation"]

1. e4 c5 2. b3 d6 3. Bb2 Nf6 4. Bb5+ Bd7 5. Bxd7+ Qxd7 6. Bxf6 gxf6 7. Nf3 Rg8 8. O-O Nc6 9. Re1 h5 10. Qe2 Qg4 11. g3 h4 12. Nc3 O-O-O 13. Nd5 hxg3 14. fxg3 Rh8 15. d3 e6 16. Ne3 Qg6 17. Rf1 Bh6 18. Ng2 Bg5 19. c3 Rdg8 20. Rad1 Qh5 21.
d4 Kb8 22. Rf2 cxd4 23. cxd4 e5 24. Nge1 Bf4 25. Rg2 Nxd4 26. Nxd4 exd4 27. Rxd4 Be5 28.
Rd1 Qh3 29. Rd3 f5 30. exf5 Qxf5 31. Nf3 f6 32. Nxe5 dxe5 33. Rf3 Qe6 34. Rgf2 Rf8 35. Qe4 a6 36. Rf5 Qd6 37. Kg2 Rhg8 38. Qf3 Rg6 39. Qe4 Rfg8 40. Qf3 Rf8 41. Qe3 Rfg8 42. Rd2 Qe6 43.
Qf3 Rg4 44. Rxf6 Qc8 45. Rf7 Rd4 46. Rxd4 exd4 47. Qf4+ Ka8 48. Qxd4 Qc6+ 49. Kg1 Re8 50. Rf1 Qg6 51. Qf2 Qe4 52. Qf3 Qd4+ 53. Rf2 Qe5 54.
Kg2 Qe6 55. Qf4 Qd5+ 56. Qf3 Qe6 57. h4 Rf8 58. Qxf8+ 1-0

[Event "*** SCC Grand Prix: Titled Tuesday Blitz"]
[Site "Chess.com"]
[Date "2020.09.29"]
[Round "10"]
[White "Margency"]
[Black "DenLaz"]
[Result "0-1"]
[WhiteElo "2644"]
[BlackElo "2805"]
[TimeControl "180+1"]
[EndTime "11:56:47 PDT"]
[Termination "DenLaz won on time"]

1. e4 e5 2. Nf3 Nc6 3. Bc4 Bc5 4. d3 Nf6 5. O-O d6 6. c3 a6 7. a4 h6 8. Na3 O-O 9. Nc2 Be6 10. Bxe6 fxe6 11. Be3 Bxe3 12. Nxe3 Qe8 13. a5 Nh5 14. g3 Qf7 15. Nh4 Ne7 16. d4 exd4 17.
cxd4 Nf6 18. f3 Ng6 19. Nxg6 Qxg6 20. Rc1 c6 21. Qb3 Qf7 22. Nc4 Rad8 23. e5 Ne8 24.
Rcd1 d5 25. Ne3 Rb8 26. Qc2 Nc7 27. f4 Nb5 28. f5 exf5 29. Nxf5 Qe6 30. Rf4 Rf7 31.
Rdf1 Rbf8 32. g4 Kh8 33. Qd2 c5 34. dxc5 Qxe5 35. Nh4 Qg5 36. Rxf7 Qxd2 37. Rxf8+ Kh7 38. h3 Nd4 39. R8f7 Qe3+ 40. Kg2 Qe4+ 41. Kg3 Ne2+ 42.
Kf2 Nf4 43. Kg3 Qe3+ 44. Nf3 Ng6 45. Kg2 Qxc5 46. h4 Qc4 47. Kg3 d4 48. h5 Nh8 49.
Rf8 Qc7+ 50. Kg2 d3 51. Rf2 Qd6 52. Nd2 Qe6 53. Kg3 Qe5+ 54. Kg2 Qxa5 55. Kg3 Qe5+ 56. Kg2 Qxb2 57. R8f3 Qb5 58. Kg3 a5 59. Rf4 a4 60. Rf5 Qd7 61. Ra5 Qc7+ 62. Re5 Qxe5+ 0-1

[Event "*** SCC Grand Prix: Titled Tuesday Blitz"]
[Site "Chess.com"]
[Date "2020.09.29"]
[Round "10"]
[White "Orest_Vovk"]
[Black "PLAYER_2006_M"]
[Result "1-0"]
[WhiteElo "2424"]
[BlackElo "2540"]
[TimeControl "180+1"]
[EndTime "11:56:48 PDT"]
[Termination "Orest_Vovk won by checkmate"]

1. e4 e6 2. Qe2 c5 3. Nc3 Nc6 4. Nf3 Be7 5. g3 d5 6. Bg2 Nf6 7. O-O O-O 8. d3 Re8 9. h3 Bf8 10. g4 dxe4 11. Nxe4 Nd5 12. c3 e5 13. Be3 b6 14.
Nfd2 Bb7 15. a4 Nf4 16. Bxf4 exf4 17. Nc4 Ne5 18. Nxe5 Rxe5 19. Qf3 Bxe4 20. dxe4 Qf6 21. Rfd1 Rae8 22. Rd7 R8e7 23. Rxe7 Bxe7 24. Rd1 Bd6 25. Qd3 Re6 26. Bf3 g6 27. Qa6 Qe7 28. Qc8+ Kg7 29. Kg2 Be5 30. Rd7 Qe8 31. Qb7 a5 32. Qd5 h6 33. Rd8 Qe7 34. Qa8 Rd6 35. Rh8 Qh4 36. Qf8+ Kf6 37. Rh7 Rd7 38. Rxh6 Qg5 39. h4 Bd6 40.
Qh8+ Ke6 41. hxg5 Be5 42. Qe8+ Re7 43. Qc8+ Kd6 44. Rh7 Rc7 45. Qb8 Kc6 46. Rh8 Rd7 47. Rc8+ Bc7 48. Qa8+ Kd6 49. Qd5+ Ke7 50. Qc6 Be5 51. Qa8 Kd6 52. Re8 Kc7 53. Qb8+ Kc6 54. Rxe5 f6 55. Re6+ Rd6 56. Rxd6# 1-0

[Event "*** SCC Grand Prix: Titled Tuesday Blitz"]
[Site "Chess.com"]
[Date "2020.09.29"]
[Round "10"]
[White "Evgeny81"]
[Black "Alexander_Moskalenko"]
[Result "0-1"]
[WhiteElo "2677"]
[BlackElo "2851"]
[TimeControl "180+1"]
[EndTime "11:56:49 PDT"]
[Termination "Alexander_Moskalenko won on time"]

1. Nf3 d5 2. g3 c6 3. Bg2 Nf6 4. O-O Bg4 5. d3 Nbd7 6. Nbd2 e5 7. e4 dxe4 8. dxe4 Bc5 9. Qe1 O-O 10. a4 a5 11. h3 Bh5 12. Kh2 Qc7 13. Nc4 Rfe8 14. Bd2 b6 15. Nh4 Bg6 16. Nxg6 hxg6 17. Qe2 Bb4 18. Bg5 Bf8 19. Rad1 Nc5 20. Bxf6 gxf6 21.
b3 Rad8 22. h4 Rxd1 23. Rxd1 Rd8 24. h5 Ne6 25. Rxd8 Qxd8 26. Qg4 b5 27. Ne3 Bh6 28. hxg6 Bxe3 29. fxe3 Ng5 30. gxf7+ Kxf7 31. axb5 cxb5 32.
Qe2 Qd7 33. Bf1 b4 34. Qc4+ Kg7 35. Bg2 Qa7 36. Qd3 Qc7 37. Kg1 Kf7 38. Kf2 Ke7 39.
Ke2 Qc8 40. Kd2 Qg4 41. Qd5 Qxg3 42. Bf1 Qf2+ 43. Be2 Nf3+ 44. Kd3 Ne1+ 45. Kd2 Nf3+ 46. Kd3 Ne1+ 47. Kd2 Ng2 48. Qc5+ Kf7 49. Qa7+ Kg6 50.
Kd3 Ne1+ 51. Kd2 Nxc2 52. Qc5 Qe1+ 53. Kxc2 Qxe2+ 54. Kb1 Qd3+ 55. Kb2 Qxe4 56. Qxa5 Qg2+ 57. Kb1 Qg1+ 58. Kb2 Qf2+ 59. Kb1 Qe1+ 60. Kb2 Qd2+ 61. Kb1 Qd3+ 62. Kb2 Qc3+ 63. Ka2 Qc2+ 64. Ka1 Qxb3 65. Qb6 Qc3+ 66. Ka2 Qc2+ 67. Ka1 b3 0-1

[Event "*** SCC Grand Prix: Titled Tuesday Blitz"]
[Site "Chess.com"]
[Date "2020.09.29"]
[Round "10"]
[White "nrvisakh"]
[Black "Iskusnyh"]
[Result "1-0"]
[WhiteElo "2782"]
[BlackElo "2555"]
[TimeControl "180+1"]
[EndTime "11:56:49 PDT"]
[Termination "nrvisakh won on time"]

1. e4 e6 2. d4 d5 3. Nc3 Nf6 4. Bg5 dxe4 5. Nxe4 Nbd7 6. Nf3 h6 7. Nxf6+ Nxf6 8. Bh4 c5 9. Bb5+ Bd7 10. Bxd7+ Qxd7 11. O-O cxd4 12. Nxd4 Be7 13. Re1 Rd8 14. c3 O-O 15. Qf3 Qd5 16. Qe2 Rfe8 17. a4 Qh5 18. Qxh5 Nxh5 19.
Bxe7 Rxe7 20. g3 Nf6 21. a5 a6 22. Ra4 Rd5 23. Kg2 Red7 24. Re2 Kf8 25. h4 g6 26. Nf3 Rb5 27. Ne5 Rc7 28. Rf4 Kg7 29. Nc4 g5 30. hxg5 hxg5 31. Rd4 Rd5 32. Rxd5 Nxd5 33.
Nd6 Rd7 34. Ne4 g4 35. Nc5 Rc7 36. Nd3 Nf6 37. Re5 Rd7 38. Nc5 Rd2 39. b4 Nd5 40. Rg5+ Kf6 41. Ne4+ Ke7 42. Nxd2 Nxc3 43. Rxg4 Nd5 44. Rc4 f5 45. Nf3 Kd6 46. Nd4 f4 47. b5 fxg3 48. Kxg3 Nf6 49. bxa6 bxa6 50. f3 Kd5 51.
Ra4 Nd7 52. Ne2 e5 53. Nc3+ Kc5 54. Re4 1-0

[Event "*** SCC Grand Prix: Titled Tuesday Blitz"]
[Site "Chess.com"]
[Date "2020.09.29"]
[Round "10"]
[White "Reader777"]
[Black "Brave_spirit12"]
[Result "1-0"]
[WhiteElo "2662"]
[BlackElo "2461"]
[TimeControl "180+1"]
[EndTime "11:56:49 PDT"]
[Termination "Reader777 won by resignation"]

1. d4 Nf6 2. c4 e6 3. g3 d5 4. Bg2 c6 5. Nf3 Be7 6. O-O O-O 7. Nc3 Ne4 8. Qd3 f5 9. b3 Bf6 10. Bf4 Nd7 11. cxd5 exd5 12. Be5 Bxe5 13. Nxe5 Nxe5 14. dxe5 Qe7 15. Nxe4 fxe4 16. Qd4 Be6 17. f4 c5 18. Qd2 Rad8 19. e3 Qd7 20. Rac1 b6 21. b4 Rc8 22. bxc5 bxc5 23. Rfd1 Rfd8 24. Qa5 Qc6 25. Rd2 Rd7 26. Rdc2 Qb6 27. Qd2 g6 28. h3 h5 29. Qd1 Rcc7 30. g4 h4 31. Qe1 d4 32.
Bxe4 d3 33. Rd2 c4 34. f5 Bd5 35. e6 Rd8 36. Bxd5 Rxd5 37. Rb1 Qd6 38. Qxh4 Rh7 39. Qg5 Rg7 40. Rdb2 Qg3+ 41. Rg2 Qd6 42. e4 Rd4 43. f6 d2 44. Rd1 c3 45. f7+ Kf8 46. Qb5 Qxe6 47. Qc5+ Qd6 48. Qc8+ Kxf7 49. Rf2+ Ke7 50. Qf8+ Kd7 51. Qxg7+ Kc6 52. Rf6 c2 53. Rxd6+ Kc5 54. Qxd4+ Kb5 55. Qxd2 cxd1=Q+ 56. Qxd1 a5 1-0